 Dungeon Sprint DCSS version 0.17-a0-2122-g03d97ec (webtiles) character file.

200393 Kidiri the Imperceptible (level 17, -13/70 HPs)
             Began as a Spriggan Enchanter on Oct 21, 2015.
             Was the Champion of Dithmenos.
             Killed by drain life
             ... invoked by a soul eater
              (18 damage)
             ... in the Dungeon (Sprint III: "The Ten Rune Challenge").
             The game lasted 01:20:31 (11709 turns).

Kidiri the Imperceptible (Spriggan Enchanter)      Turns: 11709, Time: 01:20:31

Health: -13/70     AC: 17    Str:  8    XL:     17   Next: 8%
Magic:  51/53      EV: 46    Int: 33    God:    Dithmenos [******]
Gold:   545        SH:  0    Dex: 33    Spells: 16 memorised, 4 levels left

rFire  + . .     SeeInvis +     f - +8 quick blade
rCold  . . .     Clarity  .     y - +4 robe of Augmentation {Str+4 Int+4 Dex+4}
rNeg   . . .     SustAt   .     (shield restricted)
rPois  +         Gourm    .     x - +3 hat of Pondering {ponderous, MR+ MP+10 Int+5}
rElec  .         Spirit   .     A - +2 cloak {rPois}
rCorr  .         Warding  .     (gloves unavailable)
rMut   .         NoTele   +     (boots unavailable)
MR     +++..                    l - amulet of Giakk {+Rage rC+}
Stlth  ++++++++++               C - ring "Ruvom" {rPois rF+ rC- Dex+3 Slay+2}
                                B - ring "Hiprit Bast" {AC+2 Int+3 Dex+5 Slay-3}

@: very slightly contaminated, hasted, wreathed by umbra, deflect missiles, very
quick, extremely resistant to hostile enchantments, uncannily stealthy
A: unfitting armour, talons 2, icy blue scales 1, yellow scales 1, see
invisible, agile 1, deformed body, deterioration 1, herbivore 3, speed 3, sense
surroundings 1, slow metabolism 2
a: Shadow Step, Shadow Form, Renounce Religion, Evoke Berserk Rage
}: 3/10 runes: decaying, serpentine, silver


You were in the Dungeon.
You worshipped Dithmenos.
Dithmenos was exalted by your worship.
You were not hungry.

You visited 1 branch You collected 3345 gold pieces.
You spent 2800 gold pieces at shops.

Inventory:

Hand Weapons
 f - a +8 quick blade (weapon)
Missiles
 D - 10 throwing nets (quivered)
Armour
 x - the +3 hat of Pondering (worn) {ponderous, MR+ MP+10 Int+5}
   (You took it off Gastronok in the Dungeon)

   It affects your intelligence (+5).
   It affects your resistance to hostile enchantments.
   It affects your magic capacity (+10).
 y - the +4 robe of Augmentation (worn) {Str+4 Int+4 Dex+4}
   (You bought it in a shop in the Dungeon)

   It affects your strength (+4).
   It affects your intelligence (+4).
   It affects your dexterity (+4).
 A - a +2 cloak of poison resistance (worn)
Jewellery
 l - the amulet of Giakk (around neck) {+Rage rC+}
   (You found it in the Dungeon)

   [amulet of rage]

   It protects you from cold.
   It lets you go berserk.
 B - the ring "Hiprit Bast" (left hand) {AC+2 Int+3 Dex+5 Slay-3}
   (You bought it in a shop in the Dungeon)

   [ring of protection]

   It affects your AC (+2).
   It affects your intelligence (+3).
   It affects your dexterity (+5).
   It affects your accuracy and damage with ranged weapons and melee attacks
   (-3).
 C - the ring "Ruvom" (right hand) {rPois rF+ rC- Dex+3 Slay+2}
   (You bought it in a shop in the Dungeon)

   [ring of poison resistance]

   It affects your dexterity (+3).
   It affects your accuracy and damage with ranged weapons and melee attacks
   (+2).
   It protects you from fire.
   It makes you vulnerable to cold.
   It protects you from poison.
Wands
 a - a wand of disintegration (22)
 c - a wand of frost (9)
 t - a wand of teleportation (3)
 I - a wand of heal wounds (5)
 R - a wand of enslavement (15)
Scrolls
 i - a scroll of silence {unknown}
 m - a scroll of torment
 o - a scroll of remove curse
 r - a scroll of fear {unknown}
 z - 2 scrolls of enchant armour
 F - 5 scrolls of amnesia
Potions
 e - 8 potions of curing
 g - 2 potions of haste
 h - a potion of magic
 n - a potion of might
 p - 2 potions of cure mutation
 q - 2 potions of lignification
 s - 7 potions of flight
 u - a potion of brilliance
 w - a potion of ambrosia
Books
 d - an Akashic Record

   Spells                             Type                      Level
   a - Dispersal                      Translocation                6
   b - Malign Gateway                 Summoning/Translocation      7
   c - Disjunction                    Translocation                8
   d - Controlled Blink               Translocation                8
 P - a book of the Sky

   Spells                             Type                      Level
   a - Summon Lightning Spire         Summoning/Air                4
   b - Airstrike                      Air                          4
   c - Silence                        Hexes/Air                    5
   d - Deflect Missiles               Charms/Air                   6
   e - Conjure Ball Lightning         Conjuration/Air              6
   f - Tornado                        Air                          9
Comestibles
 b - 27 royal jellies
 v - 7 fruits


   Skills:
 * Level 20.1 Short Blades
 + Level 10.8 Armour
 * Level 24.8 Dodging
 * Level 26.6 Stealth
 * Level 21.9 Spellcasting
 + Level 10.7 Conjurations
 + Level 16.0 Hexes
 + Level 17.7 Charms
 + Level 15.9 Transmutations
 + Level 11.5 Ice Magic
 + Level 12.1 Air Magic
 + Level 12.0 Earth Magic
 + Level 13.1 Poison Magic
 - Level 2.4 Invocations
 + Level 16.6 Evocations


You had 4 spell levels left.
You knew the following spells:

 Your Spells              Type           Power        Failure   Level  Hunger
a - Corona                Hex            #######      0%          1    None
b - Ensorcelled Hibernat  Hex/Ice        ######       0%          2    None
c - Confuse               Hex            #######.     0%          3    None
d - Tukima's Dance        Hex            #######.     0%          3    None
e - Dazzling Spray        Conj/Hex       #######.     0%          3    None
f - Repel Missiles        Chrm/Air       ######       0%          2    None
g - Mephitic Cloud        Conj/Pois/Air  #######.     1%          3    None
h - Stoneskin             Trmt/Erth      #######.     0%          2    None
i - Passwall              Trmt/Erth      #######...   0%          3    None
j - Stone Arrow           Conj/Erth      ######       1%          3    None
k - Petrify               Trmt/Erth      #######.     1%          4    None
l - Lee's Rapid Deconstr  Erth           #######...   1%          5    None
m - Iskenderun's Battles  Conj/Chrm      #######.     1%          5    None
n - Airstrike             Air            #######...   1%          4    None
o - Conjure Ball Lightni  Conj/Air       #######...   1%          6    None
p - Deflect Missiles      Chrm/Air       #######...   1%          6    None


Dungeon Overview and Level Annotations

Branches:
Dungeon (1/1)

Altars:
Cheibriados
Dithmenos
Elyvilon
Fedhas
Gozag
Kikubaaqudgha
Makhleb
Nemelex Xobeh
Okawaru
Qazlal
Ru
Sif Muna
Trog
Vehumet
Xom
Yredelemnul
Zin
The Shining One
Jiyva
Lugonu

Shops:
D }(?[=%[!}[%%!?![}*:(%[=*


Innate Abilities, Weirdness & Mutations

You are tiny and cannot use many weapons and most armour.
You have supernaturally acute eyesight.
You are a herbivore.
You cover ground extremely quickly.
You need consume almost no food.
You have razor-sharp toenails.
You are partially covered in icy blue scales (AC +1).
You are partially covered in yellow scales (AC +2).
You are agile. (Dex +2)
Armour fits poorly on your strangely shaped body.
Your body sometimes deteriorates upon taking damage.
You passively map a small area around you.


Message History

Drink which item? (? for menu, Esc to quit)
Okay, then.
Unknown command.
Read which item? (? for menu, Esc to quit)
Okay, then.
Unknown command.
Unknown command.
Casting: Stone Arrow
Confirm with . or Enter, or press ? or * to list all spells.
Okay, then.
Unknown command.
Unknown command.
Drink which item? (? for menu, Esc to quit)
You feel yourself speed up.
You are very lightly contaminated with residual magic.
Unknown command.
A soul eater opens the door.
You open the door.
The soul eater draws from the surrounding life force!
You die...

#)(..(.≈)#..[###...## #§≈≈≈≈≈###+
#≈......≈#..§##.....##+#)§≈P§#.#)
#........#+###.......###§§§P≈#.▓+
#...[...((...'.......+.......).▓.
#(......(#+###.......#####.P≈#[▓.
#≈......≈#≈≈≈##.....##...##P§#.▓.
#)≈....≈)#+#+###...###.#..##'##▓^
####++####.#.# ##'####.##.##...▓.
#.?+.....#+#####@≈≈≈'#.##.####.▓.
########.#%.+∩∩#.≈≈.#..##......▓.
#.§§# ##.####∩∩#.≈≈.#######+###▓.
#§§.###...###..#..≈.#**+≈ ,≈ ▓.
+§§§§...:...'..3..≈≈+**# ≈ ▓.
#§§§###...###..#≈≈≈.# * ▓# #§§§#
##.##∩#..#)).(# * , ,** #####
#.#..#..####+#######+###▓ ,
#+#+##..#§#.#.#.#.#.#.#.▓,


You could see a soul eater.

Vanquished Creatures
  Mara (D)
  Mennas (D)
  Boris (D)
  Norris (D)
  2 golden dragons (D)
  Xtahua (D)
  4 bone dragons (D)
  A lich (D)
  4 quicksilver dragons (D)
  A deep elf blademaster (D)
  2 sphinxes (D)
  Gastronok (D)
  Chuck (D)
  Dowan (D)
  3 shadow dragons (D)
  Roxanne (D)
  A greater naga (D)
  4 azure jellies (D)
  Maud (D)
  2 vampire knights (D)
  A deep elf demonologist (D)
  3 deep elf annihilators (D)
  2 dire elephants (D)
  8 mummy priests (D)
  An ogre mage (D)
  A fire dragon (D)
  2 deep elf high priests (D)
  15 vault guards (D)
  3 hydras (D)
  A yaktaur captain (D)
  A naga warrior (D)
  2 hell beasts (D)
  Erica (D)
  3 centaur warriors (D)
  4 dancing weapons (D)
  4 anacondas (D)
  4 death yaks (D)
  2 sun demons (D)
  A soul eater (D)
  2 deep elf knights (D)
  4 orc high priests (D)
  2 ice devils (D)
  A shadow wraith (D)
  5 skeletal warriors (D)
  A death drake (D)
  A deep elf summoner (D)
  A spriggan druid (D)
  An anaconda zombie (D)
  A sea snake (shapeshifter) (D)
  2 unseen horrors (D)
  An obsidian statue (D)
  An anubis guard (shapeshifter) (D)
  A deep elf conjurer (D)
  A lindwurm (D)
  5 ugly things (D)
  4 crystal guardians (D)
  3 hornets (D)
  A guardian serpent (D)
  2 oklob plants (D)
  5 black mambas (D)
  A molten gargoyle (D)
  A stone giant skeleton (D)
  8 statues (D)
  Duvessa (D)
  2 elephants (D)
  An orange crystal statue (D)
  A komodo dragon (D)
  3 fire drakes (D)
  2 spiny frogs (D)
  A queen bee (D)
  2 deep elf priests (D)
  5 guardian mummies (D)
  4 spriggan defenders (D)
  An anaconda simulacrum (D)
  3 wandering mushrooms (D)
  13 slime creatures (D)
  8 blink frogs (D)
  2 spriggans (D)
  3 redbacks (D)
  A shadow (D)
  A spatial vortex (D)
  2 nagas (D)
  4 water moccasins (D)
  5 iron troll simulacra (D)
  A swamp drake (D)
  A necrophage (D)
  2 centaurs (D)
  An earth elemental (D)
  2 brain worms (D)
  A water elemental (D)
  32 killer bees (D)
  5 orc priests (D)
  A jelly (D)
  An orc wizard (D)
  Jessica (D)
  A wizard (D)
  3 necromancers (D)
  3 humans (D)
  A wolf (D)
  A kobold demonologist (D)
  5 adders (D)
  An ooze (D)
  7 orcs (D)
  A ball python simulacrum (D)
  A giant cockroach simulacrum (D)
  2 giant cockroach zombies (D)
  A jackal zombie (D)
  A quokka zombie (D)
  A rat (D)
  10 butterflies (D)
  13 plants (D)
313 creatures vanquished.

Vanquished Creatures (collateral kills)
  Rupert (D)
  2 vampire knights (D)
  A vault guard (D)
  An orc high priest (D)
  An orc warrior (D)
  An orc wizard (D)
  2 orcs (D)
9 creatures vanquished.

Vanquished Creatures (others)
  A fire giant (D)
  2 draconian scorchers (D)
  A dancing weapon (D)
  3 yaktaurs (D)
  An electric eel (D)
  A bush (D)
  4 plants (D)
13 creatures vanquished.

Grand Total: 335 creatures vanquished

Notes
Turn   | Place    | Note
--------------------------------------------------------------
     0 | D        | Kidiri the Spriggan Enchanter began the quest for the Orb.
     0 | D        | Reached XP level 1. HP: 9/9 MP: 5/5
     4 | D        | Reached skill level 5 in Stealth
    16 | D        | Noticed Jessica
    19 | D        | Killed Jessica
    19 | D        | Reached skill level 1 in Armour
    19 | D        | Reached skill level 6 in Stealth
    19 | D        | Reached XP level 2. HP: 13/13 MP: 6/8
    19 | D        | Reached XP level 3. HP: 16/16 MP: 6/9
    23 | D        | Learned a level 2 spell: Ensorcelled Hibernation
    27 | D        | Learned a level 3 spell: Confuse
    31 | D        | Learned a level 3 spell: Dazzling Spray
    60 | D        | Killed a yaktaur
   113 | D        | Reached skill level 5 in Dodging
   113 | D        | Reached skill level 1 in Evocations
   179 | D        | Noticed a wolf
   186 | D        | Killed a wolf
   217 | D        | Gained mutation: You occasionally shout uncontrollably at your foes. [potion of mutation]
   217 | D        | Gained mutation: Your body sometimes deteriorates upon taking damage. [potion of mutation]
   217 | D        | Gained mutation: Your magical capacity is low (-10% MP). [potion of mutation]
   218 | D        | Lost mutation: Your body sometimes deteriorates upon taking damage. [potion of cure mutation]
   218 | D        | Lost mutation: Your magical capacity is low (-10% MP). [potion of cure mutation]
   218 | D        | Lost mutation: You occasionally shout uncontrollably at your foes. [potion of cure mutation]
   219 | D        | Gained mutation: You passively map a small area around you. [potion of mutation]
   219 | D        | Gained mutation: You are partially covered in icy blue scales (AC +1). [potion of mutation]
   219 | D        | Gained mutation: You have a pair of small horns on your head. [potion of mutation]
   220 | D        | Gained mutation: You are agile. (Dex +2) [potion of mutation]
   220 | D        | Gained mutation: You have sharp toenails. [potion of mutation]
   248 | D        | Noticed a water elemental
   251 | D        | Killed a water elemental
   251 | D        | Reached skill level 7 in Stealth
   251 | D        | Reached skill level 5 in Spellcasting
   251 | D        | Reached skill level 1 in Conjurations
   251 | D        | Reached skill level 5 in Hexes
   251 | D        | Reached skill level 1 in Ice Magic
   251 | D        | Reached XP level 4. HP: 21/21 MP: 12/12
   283 | D        | Learned a level 3 spell: Tukima's Dance
   283 | D        | Noticed a jelly
   284 | D        | Noticed a shadow
   286 | D        | Killed a shadow
   286 | D        | Reached skill level 5 in Short Blades
   286 | D        | Reached skill level 9 in Stealth
   286 | D        | Reached XP level 5. HP: 24/24 MP: 13/15
   290 | D        | Killed a jelly
   290 | D        | Reached XP level 6. HP: 28/28 MP: 13/16
   300 | D        | Killed a white draconian scorcher
   309 | D        | Found a stormy altar of Qazlal.
   310 | D        | Found a sacrificial altar of Ru.
   310 | D        | Found a burning altar of Makhleb.
   310 | D        | Found a viscous altar of Jiyva.
   310 | D        | Found a shimmering altar of Xom.
   310 | D        | Found a shadowy altar of Dithmenos.
   310 | D        | Found a sparkling altar of Nemelex Xobeh.
   310 | D        | Found a corrupted altar of Lugonu.
   310 | D        | Found an opulent altar of Gozag.
   310 | D        | Noticed a spatial vortex
   311 | D        | Killed a white draconian scorcher
   314 | D        | Became a worshipper of Dithmenos the Shadowed
   330 | D        | Killed a spatial vortex
   330 | D        | Reached skill level 10 in Stealth
   330 | D        | Reached skill level 1 in Invocations
   440 | D        | Found a radiant altar of Vehumet.
   441 | D        | Found a deep blue altar of Sif Muna.
   441 | D        | Found an ancient bone altar of Kikubaaqudgha.
   441 | D        | Noticed a wizard
   442 | D        | Killed a wizard
   565 | D        | Learned a level 2 spell: Repel Missiles
   569 | D        | Learned a level 3 spell: Mephitic Cloud
   578 | D        | Learned a level 2 spell: Stoneskin
   595 | D        | Found a glowing silver altar of Zin.
   596 | D        | Found a glowing golden altar of the Shining One.
   596 | D        | Found a white marble altar of Elyvilon.
   596 | D        | Noticed a deep elf priest
   598 | D        | Killed a deep elf priest
   598 | D        | Reached * piety under Dithmenos
   598 | D        | Reached skill level 1 in Transmutations
   598 | D        | Reached skill level 1 in Air Magic
   598 | D        | Reached skill level 1 in Earth Magic
   598 | D        | Reached skill level 1 in Poison Magic
   598 | D        | Reached XP level 7. HP: 32/32 MP: 17/19
   614 | D        | Found an iron altar of Okawaru.
   615 | D        | Found a bloodstained altar of Trog.
   615 | D        | Noticed a human
   615 | D        | Noticed a human
   617 | D        | Killed a human
   617 | D        | Reached skill level 5 in Evocations
   618 | D        | Killed a human
   618 | D        | Reached skill level 11 in Stealth
   663 | D        | Learned a level 3 spell: Passwall
   686 | D        | Found a snail-covered altar of Cheibriados.
   686 | D        | Noticed a necrophage
   687 | D        | Found a basalt altar of Yredelemnul.
   687 | D        | Found a blossoming altar of Fedhas.
   687 | D        | Noticed a necromancer
   688 | D        | Killed a necrophage
   688 | D        | Reached ** piety under Dithmenos
   688 | D        | Reached skill level 10 in Dodging
   688 | D        | Reached XP level 8. HP: 36/36 MP: 21/21
   689 | D        | Killed a necromancer
   757 | D        | Noticed Erica
   761 | D        | Killed Erica
   761 | D        | Reached skill level 12 in Stealth
   782 | D        | Learned a level 3 spell: Stone Arrow
   784 | D        | Noticed an earth elemental
   787 | D        | Killed an earth elemental
   792 | D        | Noticed a centaur
   792 | D        | Noticed a centaur warrior
   792 | D        | Noticed a centaur
   794 | D        | Killed a centaur
   796 | D        | Killed a centaur warrior
   796 | D        | Reached *** piety under Dithmenos
   796 | D        | Reached skill level 5 in Charms
   796 | D        | Reached XP level 9. HP: 39/39 MP: 23/23
   797 | D        | Killed a centaur
   910 | D        | Noticed an unseen horror
   910 | D        | Noticed an unseen horror
   912 | D        | Killed an unseen horror
   912 | D        | Reached skill level 13 in Stealth
   912 | D        | Reached skill level 10 in Spellcasting
   944 | D        | Killed an unseen horror
   944 | D        | Reached skill level 5 in Transmutations
   980 | D        | Noticed a killer bee
   980 | D        | Noticed a killer bee
   980 | D        | Noticed a killer bee
   980 | D        | Noticed a killer bee
   980 | D        | Noticed a killer bee
   980 | D        | Noticed a killer bee
   980 | D        | Noticed a killer bee
   980 | D        | Noticed a killer bee
   980 | D        | Noticed a killer bee
   980 | D        | Noticed a killer bee
   980 | D        | Noticed a killer bee
   980 | D        | Noticed a killer bee
   980 | D        | Noticed a killer bee
   980 | D        | Noticed a killer bee
   980 | D        | Noticed a killer bee
   981 | D        | Noticed a killer bee
   981 | D        | Noticed a queen bee
   981 | D        | Noticed a killer bee
   981 | D        | Noticed a killer bee
   981 | D        | Noticed a killer bee
   981 | D        | Noticed a killer bee
   981 | D        | Noticed a killer bee
   981 | D        | Noticed a killer bee
   981 | D        | Noticed a killer bee
   981 | D        | Noticed a killer bee
   981 | D        | Noticed a killer bee
   981 | D        | Noticed a killer bee
   981 | D        | Noticed a killer bee
   981 | D        | Noticed a killer bee
   981 | D        | Noticed a killer bee
   981 | D        | Noticed a killer bee
   981 | D        | Noticed a killer bee
   981 | D        | Noticed a killer bee
   982 | D        | Killed a killer bee
   982 | D        | Reached **** piety under Dithmenos
   983 | D        | Killed a killer bee
   983 | D        | Killed a killer bee
   985 | D        | Killed a killer bee
   988 | D        | Killed a killer bee
   989 | D        | Killed a killer bee
  1006 | D        | Killed a killer bee
  1006 | D        | Reached XP level 10. HP: 32/44 MP: 1/25
  1153 | D        | Learned a level 4 spell: Petrify
  1155 | D        | Killed a killer bee
  1157 | D        | Killed a killer bee
  1157 | D        | Reached ***** piety under Dithmenos
  1159 | D        | Killed a killer bee
  1161 | D        | Killed a killer bee
  1163 | D        | Killed a killer bee
  1169 | D        | Killed a killer bee
  1170 | D        | Killed a killer bee
  1172 | D        | Killed a killer bee
  1173 | D        | Killed a killer bee
  1174 | D        | Killed a killer bee
  1175 | D        | Killed a killer bee
  1178 | D        | Killed a killer bee
  1339 | D        | Killed a killer bee
  1339 | D        | Reached ****** piety under Dithmenos
  1342 | D        | Killed a killer bee
  1343 | D        | Killed a killer bee
  1344 | D        | Killed a killer bee
  1345 | D        | Killed a killer bee
  1345 | D        | Killed a killer bee
  1347 | D        | Killed a killer bee
  1348 | D        | Killed a killer bee
  1348 | D        | Reached skill level 14 in Stealth
  1351 | D        | Killed a killer bee
  1492 | D        | Killed a killer bee
  1494 | D        | Killed a killer bee
  1496 | D        | Killed a killer bee
  1502 | D        | Killed a killer bee
  1519 | D        | Killed a queen bee
  1519 | D        | Reached skill level 5 in Ice Magic
  1739 | D        | Noticed a wandering mushroom
  1740 | D        | Noticed a wandering mushroom
  1740 | D        | Noticed a wandering mushroom
  1741 | D        | Killed a wandering mushroom
  1745 | D        | Killed a wandering mushroom
  1748 | D        | Killed a wandering mushroom
  1748 | D        | Reached skill level 10 in Short Blades
  1832 | D        | Noticed a spiny frog
  1832 | D        | Noticed a komodo dragon
  1832 | D        | Noticed a spiny frog
  1835 | D        | Killed a spiny frog
  1837 | D        | Killed a spiny frog
  1837 | D        | Reached skill level 5 in Poison Magic
  1841 | D        | Killed a komodo dragon
  1867 | D        | Noticed a redback
  1869 | D        | Killed a redback
  1870 | D        | Noticed a brain worm
  1874 | D        | Killed a brain worm
  1879 | D        | Noticed a brain worm
  1881 | D        | Killed a brain worm
  1887 | D        | Noticed a lindwurm
  1889 | D        | Noticed a redback
  1890 | D        | Killed a lindwurm
  1892 | D        | Killed a redback
  1892 | D        | Reached skill level 5 in Armour
  1897 | D        | Noticed a redback
  1898 | D        | Killed a redback
  1899 | D        | Noticed Maud
  1902 | D        | Killed Maud
  1902 | D        | Reached skill level 15 in Stealth
  1902 | D        | Reached skill level 5 in Conjurations
  1902 | D        | Reached XP level 11. HP: 47/47 MP: 26/28
  1910 | D        | Learned a level 5 spell: Lee's Rapid Deconstruction
  1913 | D        | Killed an electric eel
  1915 | D        | Noticed a seven-headed hydra
  1915 | D        | Noticed a five-headed hydra
  1917 | D        | Killed a seven-headed hydra
  1917 | D        | Reached skill level 5 in Air Magic
  1918 | D        | Killed a five-headed hydra
  1918 | D        | Reached skill level 5 in Earth Magic
  1932 | D        | Noticed a death drake
  1934 | D        | Killed a death drake
  1968 | D        | Found a blossoming altar of Fedhas.
  1968 | D        | Noticed a spriggan
  1968 | D        | Noticed a spriggan druid
  1968 | D        | Noticed a spriggan
  1981 | D        | Killed a spriggan
  2003 | D        | Killed a spriggan druid
  2004 | D        | Killed a spriggan
  2032 | D        | Noticed an anaconda
  2033 | D        | Noticed a black mamba
  2033 | D        | Noticed a water moccasin
  2037 | D        | Killed an anaconda
  2040 | D        | Killed a black mamba
  2040 | D        | Reached skill level 16 in Stealth
  2041 | D        | Killed a water moccasin
  2273 | D        | Noticed an anaconda
  2273 | D        | Noticed a black mamba
  2273 | D        | Noticed a water moccasin
  2273 | D        | Noticed a black mamba
  2276 | D        | Killed a black mamba
  2286 | D        | Killed a black mamba
  2289 | D        | Killed an anaconda
  2289 | D        | Reached skill level 15 in Dodging
  2291 | D        | Killed a water moccasin
  2447 | D        | Noticed a water moccasin
  2447 | D        | Noticed an anaconda
  2447 | D        | Noticed an anaconda
  2447 | D        | Noticed a water moccasin
  2449 | D        | Killed an anaconda
  2451 | D        | Killed an anaconda
  2451 | D        | Reached XP level 12. HP: 51/51 MP: 23/30
  2452 | D        | Killed a water moccasin
  2453 | D        | Killed a water moccasin
  2487 | D        | Noticed a naga
  2487 | D        | Noticed a naga
  2488 | D        | Noticed a naga warrior
  2488 | D        | Noticed a greater naga
  2488 | D        | Found Wapryuqu's Antique Armour Shop.
  2488 | D        | Found Byofude's Jewellery Shoppe.
  2489 | D        | Killed a naga
  2490 | D        | Killed a naga
  2491 | D        | Found Rupnugus's Food Boutique.
  2492 | D        | Killed a naga warrior
  2493 | D        | Killed a greater naga
  2493 | D        | Reached skill level 17 in Stealth
  2493 | D        | Reached skill level 10 in Hexes
  2515 | D        | Noticed a guardian serpent
  2517 | D        | Killed a guardian serpent
  2519 | D        | Got a serpentine rune of Zot
  2607 | D        | Noticed a swamp drake
  2607 | D        | Noticed a fire drake
  2608 | D        | Killed a fire drake
  2608 | D        | Reached skill level 10 in Evocations
  2610 | D        | Killed a swamp drake
  2616 | D        | Noticed a blink frog
  2616 | D        | Noticed a blink frog
  2616 | D        | Noticed a blink frog
  2617 | D        | Noticed a blink frog
  2617 | D        | Noticed a blink frog
  2618 | D        | Killed a blink frog
  2620 | D        | Killed a blink frog
  2623 | D        | Killed a blink frog
  2628 | D        | Killed a blink frog
  2630 | D        | Killed a blink frog
  2751 | D        | Noticed Rupert
  2752 | D        | Paralysed by Rupert for 7 turns
  2809 | D        | Killed Rupert
  2894 | D        | Noticed a death yak
  2907 | D        | Noticed a death yak
  2907 | D        | Noticed a blink frog
  2907 | D        | Noticed an azure jelly
  2907 | D        | Noticed a death yak
  2907 | D        | Noticed an azure jelly
  2907 | D        | Noticed a blink frog
  2907 | D        | Noticed a death yak
  2907 | D        | Killed a death yak
  2907 | D        | Reached skill level 10 in Charms
  2908 | D        | Killed a blink frog
  2909 | D        | Killed a death yak
  2910 | D        | Noticed a blink frog
  2910 | D        | Noticed a black mamba
  2911 | D        | Killed a death yak
  2912 | D        | Noticed a black mamba
  2913 | D        | Killed a blink frog
  2920 | D        | Killed a blink frog
  2922 | D        | Killed a black mamba
  3118 | D        | Killed a black mamba
  3131 | D        | Killed a death yak
  3551 | D        | Noticed a fire drake
  3553 | D        | Killed a fire drake
  3557 | D        | Noticed a fire drake
  3558 | D        | Found Rionatu's Gadget Shoppe.
  3561 | D        | Found Wodghy Xitad's Antique Weapon Boutique.
  3562 | D        | Killed a fire drake
  3562 | D        | Reached skill level 18 in Stealth
  3579 | D        | Found Wyamusch's Magic Scroll Emporium.
  3630 | D        | Noticed an azure jelly
  3630 | D        | Noticed an azure jelly
  3631 | D        | Noticed an elephant
  3631 | D        | Noticed an elephant
  3631 | D        | Noticed a dire elephant
  3631 | D        | Noticed a dire elephant
  3631 | D        | Noticed Gastronok
  3633 | D        | Killed Gastronok
  3634 | D        | Killed a dire elephant
  3634 | D        | Reached XP level 13. HP: 55/55 MP: 30/32
  3636 | D        | Killed a dire elephant
  3639 | D        | Killed an elephant
  3641 | D        | Killed an elephant
  3897 | D        | Found Tuagraec's Armour Boutique.
  3899 | D        | Noticed an orc priest
  3899 | D        | Noticed an orc high priest
  3899 | D        | Noticed an orc wizard
  3899 | D        | Noticed an orc wizard
  3899 | D        | Noticed an orc warrior
  3899 | D        | Noticed an orc priest
  3899 | D        | Noticed an orc high priest
  3899 | D        | Noticed an orc priest
  3899 | D        | Noticed an orc priest
  3904 | D        | Killed an orc priest
  3909 | D        | Killed an orc high priest
  3910 | D        | Killed an orc wizard
  3925 | D        | Killed an orc warrior
  3941 | D        | Killed an orc high priest
  3941 | D        | Reached skill level 15 in Spellcasting
  3960 | D        | Killed an orc priest
  3985 | D        | Killed an orc priest
  3989 | D        | Killed an orc wizard
  3998 | D        | Killed an orc priest
  4198 | D        | Bought the +4 robe of Augmentation {Str+4 Int+4 Dex+4} for 581 gold pieces
  4223 | D        | Noticed a deep elf priest
  4223 | D        | Noticed a deep elf conjurer
  4223 | D        | Noticed a deep elf knight
  4223 | D        | Noticed a deep elf knight
  4223 | D        | Noticed a deep elf summoner
  4229 | D        | Noticed a deep elf annihilator
  4235 | D        | Killed a deep elf knight
  4243 | D        | Killed a deep elf summoner
  4246 | D        | Killed a deep elf knight
  4247 | D        | Killed a deep elf conjurer
  4247 | D        | Reached skill level 10 in Transmutations
  4248 | D        | Killed a deep elf priest
  4362 | D        | Noticed a deep elf high priest
  4364 | D        | Noticed a deep elf annihilator
  4366 | D        | Noticed a deep elf demonologist
  4374 | D        | Noticed a Brimstone Fiend
  4375 | D        | Killed a deep elf annihilator
  4377 | D        | Killed a deep elf demonologist
  4377 | D        | Reached skill level 19 in Stealth
  4408 | D        | Noticed a deep elf high priest
  4524 | D        | Noticed a deep elf blademaster
  4528 | D        | Noticed a deep elf annihilator
  4529 | D        | Killed a deep elf high priest
  4618 | D        | Killed a deep elf high priest
  4621 | D        | Killed a deep elf annihilator
  4808 | D        | Killed a deep elf annihilator
  5024 | D        | Noticed Dowan
  5024 | D        | Noticed Duvessa
  5028 | D        | Killed Duvessa
  5035 | D        | Killed Dowan
  5056 | D        | Noticed an orc high priest
  5056 | D        | Noticed an orc high priest
  5057 | D        | Noticed an orc high priest
  5057 | D        | Noticed an orc priest
  5058 | D        | Killed an orc high priest
  5059 | D        | Killed an orc high priest
  5063 | D        | Killed an orc priest
  5073 | D        | Killed an orc high priest
  5164 | D        | Killed a yaktaur
  5423 | D        | Noticed a spriggan defender
  5424 | D        | Noticed a spriggan defender
  5424 | D        | Noticed a spriggan defender
  5424 | D        | Noticed a spriggan defender
  5425 | D        | Killed a spriggan defender
  5426 | D        | Killed a spriggan defender
  5428 | D        | Killed a spriggan defender
  5429 | D        | Killed a spriggan defender
  5501 | D        | Noticed a green ugly thing
  5503 | D        | Killed a green ugly thing
  5511 | D        | Noticed a white ugly thing
  5514 | D        | Killed a white ugly thing
  5533 | D        | Noticed a centaur warrior
  5537 | D        | Killed a centaur warrior
  5546 | D        | Noticed a brown ugly thing
  5548 | D        | Killed a brown ugly thing
  5552 | D        | Got a scorched morningstar
  5553 | D        | Identified the +5 morningstar of Conflict {freeze, rPois rF+++ rC- MR-} (You found it in the Dungeon)
  5569 | D        | Got a bloodstained mace
  5570 | D        | Identified the +5 mace of the King {crush, +Blink +Inv SInv} (You found it in the Dungeon)
  5588 | D        | Noticed a fire dragon
  5606 | D        | Killed a fire dragon
  5773 | D        | Noticed a war axe of venom
  5773 | D        | Noticed a long sword of slicing
  5773 | D        | Noticed a halberd of chopping
  5774 | D        | Noticed a war axe of distortion
  5775 | D        | Killed a long sword of slicing
  5777 | D        | Killed a war axe of distortion
  5777 | D        | Reached skill level 20 in Stealth
  5779 | D        | Killed a war axe of venom
  5783 | D        | Killed a halberd of chopping
  5783 | D        | Reached XP level 14. HP: 59/59 MP: 35/35
  5983 | D        | Killed an azure jelly
  6068 | D        | Killed an azure jelly
  6069 | D        | Killed an azure jelly
  6070 | D        | Killed an azure jelly
  6090 | D        | Killed a yaktaur
  6113 | D        | Bought a scroll of identify for 20 gold pieces
  6113 | D        | Bought a scroll of enchant armour for 75 gold pieces
  6113 | D        | Bought a scroll of identify for 20 gold pieces
  6113 | D        | Bought a scroll of enchant armour for 75 gold pieces
  6113 | D        | Bought a scroll of identify for 20 gold pieces
  6157 | D        | Noticed a six-headed hydra
  6157 | D        | Noticed Xtahua
  6159 | D        | Killed Xtahua
  6159 | D        | Reached skill level 15 in Short Blades
  6162 | D        | Killed a six-headed hydra
  6169 | D        | Got a decaying rune of Zot
  6329 | D        | Bought a glowing cloak for 121 gold pieces
  6459 | D        | Noticed an orange crystal statue
  6478 | D        | Killed an orange crystal statue
  6508 | D        | Found Peti's General Store.
  6508 | D        | Found Coth's Antique Weapon Shop.
  6508 | D        | Found Hojath's General Store.
  6508 | D        | Found Qaleu's Gadget Boutique.
  6508 | D        | Found Mehimp's Book Emporium.
  6508 | D        | Found Gonikhli's Jewellery Shop.
  6508 | D        | Found Huucycucw's Antique Armour Emporium.
  6508 | D        | Found Farumine's Food Boutique.
  6509 | D        | Found Iloakygi's Antique Armour Boutique.
  6509 | D        | Found Muherudi's Distillery.
  6509 | D        | Found Eloll's Magic Scroll Shop.
  6509 | D        | Found Waathrera's Distillery.
  6523 | D        | Bought a scroll of enchant weapon for 82 gold pieces
  6523 | D        | Bought a scroll of enchant armour for 82 gold pieces
  6523 | D        | Bought a scroll of enchant weapon for 82 gold pieces
  6535 | D        | Bought a potion of curing for 39 gold pieces
  6535 | D        | Bought a potion of haste for 130 gold pieces
  6535 | D        | Bought a potion of curing for 39 gold pieces
  6535 | D        | Bought a potion of curing for 39 gold pieces
  6535 | D        | Bought a potion of heal wounds for 65 gold pieces
  6535 | D        | Bought a potion of curing for 39 gold pieces
  6535 | D        | Bought 2 potions of curing for 78 gold pieces
  6535 | D        | Bought a potion of magic for 104 gold pieces
  6542 | D        | Bought the ring "Hiprit Bast" {AC+2 Int+3 Dex+5 Slay-3} for 233 gold pieces
  6542 | D        | Bought the ring "Ruvom" {rPois rF+ rC- Dex+3 Slay+2} for 458 gold pieces
  6575 | D        | Noticed a crystal guardian
  6575 | D        | Noticed a crystal guardian
  6575 | D        | Noticed a crystal guardian
  6575 | D        | Noticed a crystal guardian
  6576 | D        | Killed a crystal guardian
  6579 | D        | Killed a crystal guardian
  6582 | D        | Killed a crystal guardian
  6591 | D        | Killed a crystal guardian
  6647 | D        | Noticed an anubis guard
  6647 | D        | Noticed a yaktaur captain
  6647 | D        | Noticed a slime creature
  6648 | D        | Noticed a slime creature
  6649 | D        | Killed an anubis guard
  6650 | D        | Noticed a slime creature
  6651 | D        | Killed a slime creature
  6654 | D        | Killed a slime creature
  6654 | D        | Reached skill level 21 in Stealth
  6656 | D        | Killed a slime creature
  6856 | D        | Noticed a lindwurm
  6856 | D        | a lindwurm changed into a sea snake
  6860 | D        | Killed a yaktaur captain
  6947 | D        | Noticed a green ugly thing
  6948 | D        | Noticed Chuck
  6950 | D        | Killed a green ugly thing
  6954 | D        | Noticed a slime creature
  6971 | D        | Killed Chuck
  7025 | D        | Noticed Norris
  7027 | D        | Killed Norris
  7029 | D        | Killed a slime creature
  7045 | D        | Noticed a slime creature
  7048 | D        | Killed a slime creature
  7056 | D        | Noticed a lich
  7059 | D        | Killed a lich
  7064 | D        | Noticed a slime creature
  7064 | D        | Noticed a slime creature
  7067 | D        | Killed a slime creature
  7070 | D        | Killed a slime creature
  7071 | D        | Noticed a white ugly thing
  7072 | D        | Noticed a shadow dragon
  7072 | D        | Noticed a shadow dragon
  7073 | D        | Noticed an ogre mage
  7092 | D        | Killed a white ugly thing
  7114 | D        | Killed a shadow dragon
  7136 | D        | Killed a shadow dragon
  7136 | D        | Reached skill level 10 in Poison Magic
  7140 | D        | Killed an ogre mage
  7252 | D        | Noticed an obsidian statue
  7263 | D        | Killed an obsidian statue
  7461 | D        | Noticed a bone dragon
  7463 | D        | Killed a bone dragon
  7463 | D        | Reached skill level 22 in Stealth
  7463 | D        | Reached XP level 15. HP: 63/63 MP: 38/38
  7484 | D        | Noticed a guardian mummy
  7489 | D        | Killed a guardian mummy
  7495 | D        | Noticed a bone dragon
  7497 | D        | Killed a bone dragon
  7501 | D        | Noticed a skeletal warrior
  7503 | D        | Killed a skeletal warrior
  7510 | D        | Noticed a guardian mummy
  7512 | D        | Killed a guardian mummy
  7524 | D        | Noticed a vampire knight
  7531 | D        | Killed a vampire knight
  7578 | D        | Noticed a necromancer
  7580 | D        | Killed a necromancer
  7600 | D        | Noticed a vampire knight
  7603 | D        | Gained mutation: Your body sometimes deteriorates upon taking damage. [mutagenic glow]
  7606 | D        | Killed a vampire knight
  7836 | D        | Noticed a bone dragon
  7838 | D        | Killed a bone dragon
  7848 | D        | Noticed a bone dragon
  7850 | D        | Killed a bone dragon
  7854 | D        | Noticed a necromancer
  7856 | D        | Killed a necromancer
  7961 | D        | Noticed a sphinx
  7961 | D        | Noticed a sphinx
  7962 | D        | Noticed a mummy priest
  7962 | D        | Noticed a mummy priest
  7962 | D        | Noticed a guardian mummy
  7963 | D        | Killed a sphinx
  7963 | D        | Reached skill level 10 in Earth Magic
  7964 | D        | Killed a sphinx
  7964 | D        | Reached skill level 23 in Stealth
  7964 | D        | Reached skill level 10 in Air Magic
  7966 | D        | Killed a mummy priest
  7968 | D        | Killed a mummy priest
  7970 | D        | Killed a guardian mummy
  8091 | D        | Noticed a mummy priest
  8092 | D        | Noticed a mummy priest
  8092 | D        | Noticed a mummy priest
  8093 | D        | Killed a mummy priest
  8094 | D        | Noticed a mummy priest
  8095 | D        | Killed a mummy priest
  8095 | D        | Reached skill level 15 in Charms
  8098 | D        | Killed a mummy priest
  8099 | D        | Noticed a guardian mummy
  8099 | D        | Noticed a mummy priest
  8100 | D        | Killed a mummy priest
  8316 | D        | Killed a mummy priest
  8319 | D        | Killed a guardian mummy
  8533 | D        | Noticed a guardian mummy
  8535 | D        | Killed a guardian mummy
  8774 | D        | Killed a deep elf blademaster
  8807 | D        | Identified the Collected Works on Venomous Moulding
  8974 | D        | Learned a level 5 spell: Iskenderun's Battlesphere
  9122 | D        | Got a sparkling sapphire amulet
  9124 | D        | Identified the amulet of Giakk {+Rage rC+} (You found it in the Dungeon)
  9192 | D        | Noticed a shadow dragon
  9192 | D        | Noticed a vault guard
  9192 | D        | Noticed a vault guard
  9193 | D        | Noticed a quicksilver dragon
  9193 | D        | Noticed a vault guard
  9193 | D        | Noticed a vault guard
  9193 | D        | Noticed a fire giant
  9193 | D        | Noticed a vault guard
  9193 | D        | Noticed a vault guard
  9193 | D        | Noticed a skeletal warrior
  9193 | D        | Noticed a quicksilver dragon
  9193 | D        | Noticed a vault guard
  9193 | D        | Noticed a vault guard
  9193 | D        | Noticed a skeletal warrior
  9193 | D        | Noticed a golden dragon
  9193 | D        | Noticed a vault guard
  9193 | D        | Noticed a vault guard
  9193 | D        | Noticed a slime creature
  9193 | D        | Noticed a quicksilver dragon
  9193 | D        | Noticed a vault guard
  9193 | D        | Noticed a vault guard
  9193 | D        | Noticed a golden dragon
  9193 | D        | Noticed a vault guard
  9193 | D        | Noticed a vault guard
  9193 | D        | Noticed a quicksilver dragon
  9193 | D        | Noticed a vault guard
  9193 | D        | Noticed a vault guard
  9195 | D        | Noticed a centaur warrior
  9209 | D        | Killed a vault guard
  9211 | D        | Killed a slime creature
  9215 | D        | Killed a vault guard
  9219 | D        | Killed a vault guard
  9220 | D        | Killed a quicksilver dragon
  9220 | D        | Reached skill level 10 in Ice Magic
  9220 | D        | Killed a vault guard
  9221 | D        | Killed a fire giant
  9222 | D        | Killed a vault guard
  9223 | D        | Killed a vault guard
  9223 | D        | Killed a vault guard
  9226 | D        | Killed a golden dragon
  9226 | D        | Reached skill level 24 in Stealth
  9226 | D        | Killed a vault guard
  9238 | D        | Killed a vault guard
  9239 | D        | Killed a vault guard
  9381 | D        | Killed a quicksilver dragon
  9381 | D        | Reached XP level 16. HP: 67/67 MP: 35/40
  9443 | D        | Killed a quicksilver dragon
  9462 | D        | Killed a shadow dragon
  9462 | D        | Reached skill level 15 in Evocations
  9483 | D        | Killed a vault guard
  9531 | D        | Killed a vault guard
  9661 | D        | Killed a centaur warrior
  9696 | D        | Killed a vault guard
  9702 | D        | Killed a vault guard
  9821 | D        | Killed a skeletal warrior
  9821 | D        | Killed a vault guard
  9821 | D        | Reached skill level 10 in Armour
  9832 | D        | Killed a golden dragon
  9840 | D        | Killed a quicksilver dragon
 10029 | D        | Killed a vault guard
 10207 | D        | Killed a skeletal warrior
 10239 | D        | Learned a level 4 spell: Airstrike
 10246 | D        | Learned a level 6 spell: Conjure Ball Lightning
 10253 | D        | Learned a level 6 spell: Deflect Missiles
 10275 | D        | Got a silver rune of Zot
 10478 | D        | Noticed a fire elementalist statue
 10478 | D        | Noticed an earth elementalist statue
 10480 | D        | Killed a fire elementalist statue
 10480 | D        | Reached skill level 15 in Hexes
 10482 | D        | Killed an earth elementalist statue
 10542 | D        | Noticed a water elementalist statue
 10542 | D        | Noticed an air elementalist statue
 10544 | D        | Killed a water elementalist statue
 10546 | D        | Killed an air elementalist statue
 10546 | D        | Reached skill level 25 in Stealth
 10614 | D        | Noticed a stone giant skeleton
 10614 | D        | Noticed an anaconda simulacrum
 10615 | D        | Noticed an iron troll simulacrum
 10615 | D        | Noticed Boris
 10615 | D        | Noticed an iron troll simulacrum
 10615 | D        | Noticed an iron troll simulacrum
 10616 | D        | Killed an anaconda simulacrum
 10617 | D        | Killed an iron troll simulacrum
 10687 | D        | Killed Boris
 10687 | D        | Reached skill level 10 in Conjurations
 10688 | D        | Killed an iron troll simulacrum
 10689 | D        | Killed an iron troll simulacrum
 10690 | D        | Killed a stone giant skeleton
 10700 | D        | Noticed an anaconda zombie
 10702 | D        | Killed an anaconda zombie
 10705 | D        | Noticed an iron troll simulacrum
 10707 | D        | Killed an iron troll simulacrum
 10818 | D        | Found Fomudom's Gadget Emporium.
 10818 | D        | Found Jocix's Food Shop.
 10818 | D        | Found Ifful's Armour Shop.
 10818 | D        | Found Ruolos's Food Shoppe.
 10818 | D        | Noticed an oklob plant
 10819 | D        | Noticed an oklob plant
 10820 | D        | Killed an oklob plant
 10825 | D        | Killed an oklob plant
 10932 | D        | Noticed Roxanne
 10936 | D        | Killed Roxanne
 10936 | D        | Reached skill level 15 in Transmutations
 10942 | D        | Identified Roxanne's Grimoire of the Rocks and Changing (You took it off Roxanne in the Dungeon)
 11011 | D        | Found Veveull's Distillery.
 11011 | D        | Noticed an iron troll simulacrum
 11013 | D        | Killed an iron troll simulacrum
 11016 | D        | Bought a potion of flight for 33 gold pieces
 11016 | D        | Bought a potion of beneficial mutation for 385 gold pieces
 11016 | D        | Gained mutation: You have razor-sharp toenails. [potion of beneficial mutation]
 11052 | D        | Noticed a hornet
 11055 | D        | Noticed a hornet
 11055 | D        | Killed a hornet
 11058 | D        | Killed a hornet
 11072 | D        | Noticed a hornet
 11075 | D        | Killed a hornet
 11117 | D        | Noticed a shadow wraith
 11117 | D        | Noticed a skeletal warrior
 11117 | D        | Noticed a mummy priest
 11118 | D        | Noticed a skeletal warrior
 11119 | D        | Killed a mummy priest
 11123 | D        | Killed a shadow wraith
 11128 | D        | Killed a skeletal warrior
 11129 | D        | Killed a skeletal warrior
 11185 | D        | Noticed a ball lightning
 11185 | D        | Noticed a ball lightning
 11193 | D        | Noticed a slime creature
 11193 | D        | Noticed a large slime creature
 11193 | D        | Noticed a slime creature
 11193 | D        | Noticed a slime creature
 11194 | D        | Killed a slime creature
 11197 | D        | Killed a slime creature
 11199 | D        | Killed a slime creature
 11201 | D        | Killed a slime creature
 11203 | D        | Killed a slime creature
 11228 | D        | Noticed a molten gargoyle
 11229 | D        | Noticed a vampire knight
 11229 | D        | Noticed Mara
 11229 | D        | Noticed a vampire knight
 11230 | D        | Killed a molten gargoyle
 11232 | D        | Killed Mara
 11232 | D        | Reached skill level 26 in Stealth
 11246 | D        | Killed a vampire knight
 11257 | D        | Killed a vampire knight
 11433 | D        | Noticed Mennas
 11434 | D        | Noticed a pristine statue
 11434 | D        | Noticed a pristine statue
 11434 | D        | Noticed a pristine statue
 11434 | D        | Noticed a pristine statue
 11435 | D        | Killed Mennas
 11440 | D        | Killed a pristine statue
 11516 | D        | Killed a pristine statue
 11564 | D        | Killed a pristine statue
 11567 | D        | Killed a pristine statue
 11567 | D        | Reached XP level 17. HP: 70/70 MP: 23/43
 11579 | D        | Lost mutation: You have a pair of small horns on your head. [potion of mutation]
 11579 | D        | Gained mutation: You are partially covered in yellow scales (AC +2). [potion of mutation]
 11579 | D        | Gained mutation: Armour fits poorly on your strangely shaped body. [potion of mutation]
 11669 | D        | Noticed an ice devil
 11669 | D        | Noticed a hell beast
 11669 | D        | Noticed a sun demon
 11669 | D        | Noticed a sun demon
 11669 | D        | Noticed a hell beast
 11669 | D        | Noticed a soul eater
 11670 | D        | Noticed a soul eater
 11670 | D        | Noticed an ice devil
 11671 | D        | Killed a hell beast
 11672 | D        | Killed a sun demon
 11674 | D        | Killed an ice devil
 11676 | D        | Killed a sun demon
 11677 | D        | Killed a soul eater
 11679 | D        | Killed a hell beast
 11681 | D        | Killed an ice devil
 11709 | D        | Killed from afar by a soul eater

Vault maps used:
D:        dungeon_sprint_mu

Action                   |  1- 3 |  4- 6 |  7- 9 | 10-12 | 13-15 | 16-18 || total
-------------------------+-------+-------+-------+-------+-------+-------++-------
Melee: Dagger            |     7 |    10 |    30 |   304 |   114 |       ||   465
       Rapier            |       |       |       |       |    60 |       ||    60
       Quick blade       |       |       |       |       |   132 |    63 ||   195
 Cast: Ensorcelled Hiber |     2 |       |     3 |    16 |    11 |    11 ||    43
       Corona            |     2 |       |       |       |       |       ||     2
       Dazzling Spray    |     1 |     4 |     8 |    45 |    61 |     2 ||   121
       Stoneskin         |       |       |     1 |     9 |    23 |     6 ||    39
       Confuse           |       |       |     1 |     2 |     7 |     1 ||    11
       Repel Missiles    |       |       |     1 |       |       |       ||     1
       Tukima's Dance    |       |       |       |     2 |     8 |     3 ||    13
       Stone Arrow       |       |       |       |     1 |    78 |    37 ||   116
       Passwall          |       |       |       |     1 |     2 |       ||     3
       Mephitic Cloud    |       |       |       |       |     6 |       ||     6
       Lee's Rapid Decon |       |       |       |       |    13 |    54 ||    67
       Petrify           |       |       |       |       |     1 |       ||     1
       Deflect Missiles  |       |       |       |       |       |     1 ||     1
Invok: Shadow Step       |       |       |       |    12 |    15 |     4 ||    31
 Abil: Evoke Berserk Rag |       |     1 |       |       |     1 |       ||     2
       Evoke Blink       |       |       |       |       |     2 |       ||     2
  Use: Potion            |     4 |       |       |       |     9 |     3 ||    16
       Scroll            |     4 |       |       |       |     8 |     3 ||    15
 Stab: Sleeping          |     5 |     5 |    11 |    58 |    65 |    31 ||   175
       Confused          |       |       |     1 |       |     5 |       ||     6
       Invisible         |       |       |       |    10 |     2 |       ||    12
       Distracted        |       |       |       |       |     2 |     2 ||     4
  Eat: Royal jelly       |       |       |       |     1 |       |       ||     1
       Bread ration      |       |       |       |       |     2 |       ||     2
       Fruit             |       |       |       |       |     1 |       ||     1
